Dungeon Sprint DCSS version 0.18-a0-1655-ge2d8d33 (webtiles) character file.

18900000 namelastname112 the Sabretooth (level 27, -192/148 (149) HPs) Began as a Felid Monk on Mar 30, 2016. Was the Champion of Makhleb. Annihilated by a sculptor of flesh ... wielding a +9 great sword (279 damage) ... in the Dungeon (Sprint VIII: "Arena of Blood"). The game lasted 00:04:31 (189 turns). namelastname112 the Sabretooth (Felid Monk) Turns: 189, Time: 00:04:31 HP: -192/148 (149)AC: 3 Str: 7 XL: 27 MP: 55/55 EV: 47 Int: 13 God: Makhleb [******] Gold: 0 SH: 0 Dex: 30 Spells: 0 memorised, 80 levels left Lives: 0 Deaths: 5 rFire . . . SeeInvis + - Unarmed rCold + . . Gourm . (armour unavailable) rNeg . . . Faith . (shield unavailable) rPois . Spirit . (helmet unavailable) rElec . Dismiss . (cloak unavailable) rCorr . Reflect . (gloves unavailable) SustAt . Harm . (boots unavailable) MR ++++. NoTele + (no amulet) Stlth ++++++++++ (no ring) h - +27000 ring of slaying @: non-regenerating, diseased, quick, incredibly resistant to hostile enchantments, uncannily stealthy A: no armour, no weapons or thrown items, claws 1, fangs 3, see invisible, carnivore 3, speed 1, shaggy fur 3, slow metabolism 1, sharp paws a: Minor Destruction, Lesser Servant of Makhleb, Major Destruction, Greater Servant of Makhleb, Renounce Religion You were in the Dungeon. You worshipped Makhleb. Makhleb was exalted by your worship. You were not hungry. You visited 1 branch

Inventory:

Jewellery
 h - a +27000 ring of slaying (left paw)
Potions
 b - a potion of curing
 c - a potion of heal wounds
 d - a potion of haste
 e - 2 potions of magic
 f - a potion of berserk rage
Comestibles
 a - a meat ration


   Skills:
 O Level 27 Fighting
 O Level 27 Dodging
 O Level 27 Stealth
 O Level 27 Unarmed Combat
 O Level 27 Spellcasting
 O Level 27 Invocations


You had 80 spell levels left.
You didn't know any spells.

Dungeon Overview and Level Annotations

Branches:
Dungeon (1/1)

Altars:
Makhleb

Annotations:
D The Meatlord


Innate Abilities, Weirdness & Mutations

You cannot wear armour.
You are incapable of wielding weapons or throwing items.
You have sharp claws.
You have razor-sharp teeth.
You have supernaturally acute eyesight.
You are carnivorous and can eat meat at any time.
You cover ground quickly.
Your thick and shaggy fur keeps you warm (AC +3, rC+).
You have a slow metabolism.
Your sharp claws are effective at attacking unaware monsters.


Message History

The eight-headed meat hydra convulses!
The bag of meat convulses!
The meat berserker convulses!
The scourge convulses!
Your body is wracked with pain!
* * * LOW HITPOINT WARNING * * *
The meat berserker convulses!
The scourge convulses!
The scourge hisses angrily.
The bag of meat convulses!
The fleshlord convulses!
The large bag of meat convulses!
The meat berserker convulses!
You eviscerate the accursed!!!!!!!!!
You destroy the accursed!
Makhleb accepts your kill.
You feel better.
You feel extremely nervous for a moment...
Your flesh rots away!
You feel ill.
You hear a shout!
The scourge bites you!
You hear a shout!
The sculptor of flesh hits you with a +9 great sword!!!!!
Ouch! That really hurt!
You die...

....._......o..oo.S
..S.#....o#.......#.#
....#_.<)_#)o.....W..
....#...W)#))W...#.#.
........_)oW)W).......
o......###WMC)†)...#%#D#.
..###O...pW.###).%.....G.
. #S..)zo.#.))%)....%..
#..x@OX1#))O.)..G....
......SOozX)&V)%........
.......W1..X)1D#1..#....
........W.1.%)#..).#....
.......D...x##.)X..#....
..#......%.#.)xX))#....#
. .........#.).###x...#.
##.#..........).x..#...
.................


You could see The Meatlord, an accursed, 4 Tzitzimimeh, 2 eight-headed meat
hydras, a destroyer, 3 scourges, a fleshlord, 2 sculptors of flesh, a large bag
of meat (inner flame), 3 large abominations, 5 wretched souls, 2 dreads, 3 meat
berserkers, 4 bags of meat and 2 crawling corpses.

Vanquished Creatures
  13 hell knights (D)
  12 hell beasts (D)
  Edmund (D)
  4 greater mummies (D)
  4 great orbs of eyes (D)
  8 wraiths (D)
  13 vampire knights (D)
  30 ogres (D)
  A lich (D)
  3 hydras (D)
  40 orcs (D)
  2 phantoms (D)
  3 hill giants (D)
  6 skeletal warriors (D)
  3 sea snakes (D)
  3 large abominations (D)
  6 small abominations (D)
152 creatures vanquished.

Vanquished Creatures (others)
  An ogre (D)
  22 orcs (D)
  2 hill giants (D)
  A sea snake (D)
  A large abomination (D)
  3 small abominations (D)
  2 ball lightnings (D)
  15 crawling corpses (D)
47 creatures vanquished.

Grand Total: 199 creatures vanquished

Notes
Turn   | Place    | Note
--------------------------------------------------------------
     0 | D        | namelastname112 the Felid Monk began the quest for the Orb.
     0 | D        | Reached XP level 1. HP: 10/10 MP: 2/2
     4 | D        | Noticed a bag of meat
     4 | D        | Became a worshipper of Makhleb the Destroyer
     4 | D        | Reached * piety under Makhleb
     4 | D        | Reached ** piety under Makhleb
     5 | D        | Noticed a meat berserker
     5 | D        | Noticed a bag of meat
     5 | D        | Noticed a bag of meat
     7 | D        | Noticed a meat berserker
     7 | D        | Noticed a meat berserker
     8 | D        | Noticed a bag of meat
     9 | D        | Noticed a bag of meat
    11 | D        | Noticed a bag of meat
    11 | D        | Killed a meat berserker
    11 | D        | Reached skill level 15 in Fighting
    11 | D        | Reached XP level 2. HP: 27/27 MP: 3/3
    11 | D        | Reached XP level 3. HP: 30/30 MP: 4/4
    11 | D        | Reached XP level 4. HP: 34/34 MP: 5/5
    11 | D        | Reached XP level 5. HP: 38/38 MP: 6/6
    11 | D        | Gained mutation: You are covered in thick fur (AC +2). [Felid growth]
    11 | D        | Reached XP level 6. HP: 42/42 MP: 7/7
    11 | D        | Reached XP level 7. HP: 46/46 MP: 8/8
    11 | D        | Reached XP level 8. HP: 50/50 MP: 9/9
    11 | D        | Reached XP level 9. HP: 54/54 MP: 10/10
    11 | D        | Reached XP level 10. HP: 58/58 MP: 11/11
    11 | D        | Reached XP level 11. HP: 62/62 MP: 12/12
    11 | D        | Gained mutation: Your thick and shaggy fur keeps you warm (AC +3, rC+). [Felid growth]
    11 | D        | Reached XP level 12. HP: 66/66 MP: 13/13
    11 | D        | Reached XP level 13. HP: 70/70 MP: 14/14
    12 | D        | Killed a meat berserker
    12 | D        | Reached skill level 10 in Stealth
    12 | D        | Reached XP level 14. HP: 78/78 MP: 15/15
    13 | D        | Noticed a bag of meat
    13 | D        | Noticed a bag of meat
    13 | D        | Killed a meat berserker
    13 | D        | Reached *** piety under Makhleb
    13 | D        | Reached skill level 27 in Unarmed Combat
    13 | D        | Reached XP level 15. HP: 87/87 MP: 16/16
    14 | D        | Noticed a meat berserker
    15 | D        | Noticed a meat berserker
    15 | D        | Noticed a meat berserker
    16 | D        | Reached skill level 27 in Dodging
    18 | D        | Noticed a meat berserker
    19 | D        | Noticed a meat berserker
    19 | D        | Reached **** piety under Makhleb
    19 | D        | Reached skill level 15 in Stealth
    20 | D        | Noticed a meat berserker
    21 | D        | Noticed a meat berserker
    21 | D        | Killed a meat berserker
    21 | D        | Reached skill level 27 in Fighting
    21 | D        | Reached XP level 16. HP: 21/100 MP: 17/17
    22 | D        | Killed a meat berserker
    22 | D        | Reached skill level 27 in Stealth
    22 | D        | Reached XP level 17. HP: 104/104 MP: 18/18
    23 | D        | Killed a meat berserker
    23 | D        | Reached ***** piety under Makhleb
    24 | D        | Noticed a destroyer
    24 | D        | Reached skill level 15 in Spellcasting
    25 | D        | Reached XP level 18. HP: 109/109 MP: 18/41
    26 | D        | Killed a meat berserker
    27 | D        | Noticed a large bag of meat
    28 | D        | Killed a meat berserker
    28 | D        | Reached XP level 19. HP: 16/113 MP: 18/48
    29 | D        | Noticed a meat berserker
    29 | D        | Killed a destroyer
    29 | D        | Reached skill level 27 in Spellcasting
    29 | D        | Reached skill level 27 in Invocations
    30 | D        | Killed a meat berserker
    30 | D        | Reached ****** piety under Makhleb
    30 | D        | Reached XP level 20. HP: 118/118 MP: 18/52
    33 | D        | Noticed a destroyer
    33 | D        | Killed a meat berserker
    34 | D        | Killed a meat berserker
    34 | D        | Reached XP level 21. HP: 122/122 MP: 19/53
    39 | D        | Noticed a destroyer
    39 | D        | Noticed a destroyer
    40 | D        | Reached XP level 22. HP: 127/127 MP: 20/54
    43 | D        | Noticed a destroyer
    46 | D        | Noticed a destroyer
    47 | D        | Noticed a destroyer
    47 | D        | Noticed a destroyer
    48 | D        | Reached XP level 23. HP: 91/131 MP: 22/55
    49 | D        | Killed a destroyer
    50 | D        | Noticed a destroyer
    51 | D        | Killed a destroyer
    51 | D        | Reached XP level 24. HP: 136/136 MP: 22/55
    52 | D        | Noticed a destroyer
    54 | D        | Killed a destroyer
    55 | D        | Annihilated by a destroyer
    56 | D        | Reached XP level 23. HP: -96/131 MP: 23/55
    61 | D        | Noticed a meat beast
    63 | D        | Noticed a meat beast
    63 | D        | Reached XP level 24. HP: 136/136 MP: 55/55
    64 | D        | Noticed a dread
    64 | D        | Killed a meat beast
    64 | D        | Reached XP level 25. HP: 140/140 MP: 55/55
    70 | D        | Killed a destroyer
    71 | D        | Killed a meat beast
    71 | D        | Reached XP level 26. HP: 124/145 MP: 55/55
    73 | D        | Noticed a destroyer
    73 | D        | Killed a destroyer
    73 | D        | Reached XP level 27. HP: 149/149 MP: 55/55
    75 | D        | Noticed an accursed
    75 | D        | Noticed a dread
    77 | D        | Noticed a meat beast
    84 | D        | Killed a meat beast
    86 | D        | Noticed a meat beast
    89 | D        | Noticed a meat beast
    89 | D        | Noticed a dread
    89 | D        | Noticed a meat beast
    89 | D        | Killed a dread
    91 | D        | Killed a destroyer
    93 | D        | Noticed a meat beast
    93 | D        | Killed a meat beast
    94 | D        | Noticed a destroyer
    95 | D        | Killed a meat beast
    98 | D        | Killed a meat beast
    99 | D        | Killed a destroyer
   102 | D        | Noticed a destroyer
   105 | D        | Killed a dread
   108 | D        | Noticed The Defiler
   108 | D        | Killed a destroyer
   109 | D        | Killed a destroyer
   110 | D        | Noticed a dread
   111 | D        | Killed an accursed
   112 | D        | Killed a meat beast
   113 | D        | Noticed an accursed
   113 | D        | Killed a destroyer
   117 | D        | Killed a dread
   123 | D        | Noticed a fleshlord
   124 | D        | Noticed an accursed
   124 | D        | Killed from afar by The Defiler
   125 | D        | Noticed a meat beast
   125 | D        | Noticed a dread
   126 | D        | Noticed a meat beast
   127 | D        | Killed The Defiler
   127 | D        | Slain by a destroyer
   130 | D        | Noticed a fleshlord
   131 | D        | Noticed a dread
   132 | D        | Killed a dread
   133 | D        | Killed a fleshlord
   135 | D        | Killed a meat beast
   136 | D        | Noticed a fleshlord
   137 | D        | Noticed a fleshlord
   138 | D        | Noticed an accursed
   138 | D        | Killed a meat beast
   140 | D        | Noticed a fleshlord
   141 | D        | Noticed a dread
   142 | D        | Killed a fleshlord
   143 | D        | Noticed a tyrant
   144 | D        | Noticed a meat beast
   144 | D        | HP: 6/149 [??? (3)]
   146 | D        | Noticed an accursed
   146 | D        | Killed an accursed
   148 | D        | Noticed a dread
   148 | D        | Noticed a fleshlord
   148 | D        | Killed a fleshlord
   150 | D        | Noticed a fleshlord
   150 | D        | Killed a fleshlord
   151 | D        | Killed a tyrant
   152 | D        | Killed a meat beast
   153 | D        | Killed a dread
   154 | D        | Killed a dread
   156 | D        | Noticed The Meatlord
   158 | D        | Killed a dread
   159 | D        | Noticed a fleshlord
   159 | D        | Noticed a meat beast
   159 | D        | Killed a fleshlord
   160 | D        | Killed a fleshlord
   162 | D        | Noticed a meat beast
   162 | D        | Killed a destroyer
   163 | D        | Noticed a fleshlord
   164 | D        | Noticed a fleshlord
   164 | D        | Killed a fleshlord
   165 | D        | Killed a fleshlord
   166 | D        | Killed a meat beast
   170 | D        | Killed a fleshlord
   171 | D        | Killed an accursed
   172 | D        | Killed a meat beast
   173 | D        | Killed a dread
   175 | D        | Noticed a fleshlord
   176 | D        | Noticed a dread
   176 | D        | Noticed a fleshlord
   176 | D        | Noticed a dread
   176 | D        | Killed from afar by an accursed
   177 | D        | Noticed a fleshlord
   179 | D        | Killed a destroyer
   180 | D        | Killed a fleshlord
   183 | D        | Killed a fleshlord
   183 | D        | Annihilated by a fleshlord
   184 | D        | Noticed a fleshlord
   184 | D        | Killed a fleshlord
   185 | D        | Noticed a destroyer
   188 | D        | Killed a fleshlord
   189 | D        | Killed an accursed
   189 | D        | Annihilated by a sculptor of flesh

Vault maps used:
D:        meatsprint

Skill      XL: |  1  2  3  4  5  6  7  8  9 10 11 12 13 14 15 16 17 18 19 |
---------------+----------------------------------------------------------+-----
Fighting       | 15 18 21 27 | 27.0
Dodging        | 19 22 26 27 | 27.0
Stealth        | 9 10 12 26 27 | 27.0
Unarmed Combat | 23 26 27 | 27.0
Spellcasting   | 18 24 27 | 27.0
Invocations    | 19 26 27 | 27.0

Action                   |  1- 3 |  4- 6 |  7- 9 | 10-12 | 13-15 | 16-18 | 19-21 | 22-24 | 25-27 || total
-------------------------+-------+-------+-------+-------+-------+-------+-------+-------+-------++-------
Melee: Unarmed           |     1 |       |       |       |     5 |     7 |    12 |    18 |   110 ||   153
  Use: Scroll            |       |       |       |       |       |       |       |       |     1 ||     1
